 Dungeon Crawl Stone Soup version 0.30-a0-840-ga523dec638 (webtiles) character file.

Game seed: 8060525497783217913

5240 retardedninja the Blocker (level 10, -1/82 HPs)
             Began as a Gnoll Fighter on Mar 1, 2023.
             Slain by a warg (12 damage)
             ... on level 9 of the Dungeon.
             The game lasted 00:14:55 (12072 turns).

retardedninja the Blocker (Gnoll Fighter)          Turns: 12072, Time: 00:14:56

Health: -1/82      AC: 18    Str: 19    XL:     10   Next: 62%
Magic:  16/18      EV:  9    Int:  8    God:
Gold:   328        SH:  6    Dex: 12    Spells: 20/20 levels left

rFire   . . .      SeeInvis +    e - +1 flail (protect)
rCold   . . .      Faith    .    c - +0 buckler
rNeg    . . .      Spirit   .    i - +3 chain mail
rPois   .          Reflect  .    (helmet restricted)
rElec   .          Harm     .    (no cloak)
rCorr   +          Rampage  .    A - +2 pair of gloves
Will    .....                    g - +0 pair of boots Stlth
                                 (no amulet)
HPRegen 0.33/turn                s - ring of resist corrosion
MPRegen 0.16/turn                (no ring)

@: on berserk cooldown, slowed, studying Conjurations, very slow
A: fangs 1, strong nose, distributed training, horns 1, see invisible,
MP-powered wands
a: no special abilities


You were on level 9 of the Dungeon.
You visited 2 branches of the dungeon, and saw 10 of its levels.

You collected 328 gold pieces.

Inventory:

Hand Weapons
 e - a +1 flail of protection (weapon)
Armour
 c - a +0 buckler (worn)
 g - a +0 pair of boots (worn)
 i - a +3 chain mail (worn)
 A - a +2 pair of gloves (worn)
Jewellery
 s - a ring of resist corrosion (left hand)
Wands
 f - a wand of polymorph (8)
 o - a wand of flame (32)
 q - a wand of iceblast (11)
Scrolls
 h - 4 scrolls of teleportation
 k - a scroll of fog {unknown}
 n - a scroll of immolation
Potions
 d - a potion of attraction
 j - a potion of lignification
 r - 2 potions of resistance
 u - a potion of brilliance


   Skills:
 + Level 8.7 Fighting
 + Level 5.6 Short Blades
 + Level 5.6 Long Blades
 + Level 5.6 Axes
 + Level 7.3 Maces & Flails
 + Level 5.6 Polearms
 + Level 5.6 Staves
 + Level 5.6 Ranged Weapons
 + Level 5.6 Throwing
 + Level 8.7 Armour
 + Level 5.6 Dodging
 + Level 5.6 Stealth
 + Level 8.7 Shields
 + Level 5.6 Unarmed Combat
 + Level 5.6 Spellcasting
 + Level 6.0 Conjurations
 + Level 4.6 Hexes
 + Level 4.6 Summonings
 + Level 4.6 Necromancy
 + Level 4.6 Translocations
 + Level 4.6 Transmutations
 + Level 4.6 Fire Magic
 + Level 4.6 Ice Magic
 + Level 4.6 Air Magic
 + Level 4.6 Earth Magic
 + Level 4.6 Poison Magic
 + Level 6.2 Invocations
 + Level 5.6 Evocations


You had 20 spell levels left.
You didn't know any spells.
Your spell library contained the following spells:

 Spells                   Type           Power      Damage    Failure   Level
 Apportation              Tloc           18%        N/A       36%         1
 Necrotise                Necr           36%        1d5       36%         1
 Summon Small Mammal      Summ           36%        N/A       36%         1
 Cigotuvi's Dreadful Rot  Necr/Pois/Air  18%        N/A       50%         2
 Poisonous Vapours        Pois/Air       18%        N/A       50%         2
 Scorch                   Fire           18%        2d6       50%         2
 Mephitic Cloud           Conj/Pois/Air  10%        N/A       67%         3
 Vhi's Electric Charge    Tloc/Air       18%        N/A       73%         3
 Flame Wave               Conj/Fire      10%        2d6       95%         4
 Iskenderun's Battlesphe  Conj           11%        2d7       99%         5
 Arcjolt                  Conj/Air       5%         1d15      100%        5
 Iron Shot                Conj/Erth      5%         9d2       100%        6
 Summon Cactus Giant      Summ           4%         N/A       100%        6
 Spellforged Servitor     Conj/Summ      5%         N/A       100%        7
 Maxwell's Capacitive Co  Air            4%         ∞         100%        8


Dungeon Overview and Level Annotations

Branches:
Dungeon (9/15)             Temple (1/1) D:6            Lair (0/5) D:9
    Orc: D:9-12

Altars:
Ashenzari
Cheibriados
Dithmenos
Elyvilon
Fedhas
Hepliaklqana
Kikubaaqudgha
Makhleb
Nemelex Xobeh
Okawaru
Qazlal
Ru
Sif Muna
Trog
Uskayaw
Vehumet
Wu Jian
Xom
Zin
The Shining One

Shops:
D:5 *   D:6 *

Annotations:
D:5 2 transporters
D:8 2 runed translucent doors, necrobotica's ghost, novice MiBe


Innate Abilities, Weirdness & Mutations

You have very sharp teeth.
Your uncanny sense of smell can sniff out nearby items.
Your experience applies equally to all skills.
You have a pair of small horns on your head.
You have supernaturally acute eyesight. (SInv)
You expend magic power (3 MP) to strengthen your wands.


Message History

The orc wizard is almost dead.
The orc wizard hits you with a +2 dagger of freezing.
* * * LOW HITPOINT WARNING * * *
The orc wizard freezes you.
* * * LOW HITPOINT WARNING * * *
The warg bites you but does no damage.
The orc wizard hits you but does no damage.
The warg bites you.
* * * LOW HITPOINT WARNING * * *
Aiming: Throw Flame
Press: ? - help, Q - select action, (/) - cycle Shift-Dir - straight line, f - orc wizard
Aim: an orc wizard, wielding a +2 dagger of freezing and wearing a +0 robe of fire resistance (almost dead, slightly transparent, 70% to hit)
You feel a surge of power!
The puff of flame hits the orc wizard.
The orc wizard resists.
You kill the orc wizard!
The warg bites you but does no damage.
You sock the warg!
Your weapon exudes an aura of protection.
Your bite misses the warg.
The warg is almost dead.
The warg barely misses you. x2
You barely miss the warg. You headbutt the warg. Your bite misses the warg.
The warg is almost dead.
The warg bites you.
* * * LOW HITPOINT WARNING * * *
The warg closely misses you.
You closely miss the warg. Your headbutt misses the warg.
Your bite misses the warg.
The warg is almost dead.
The warg bites you!
* * * LOW HITPOINT WARNING * * *
The warg bites you.
* * * LOW HITPOINT WARNING * * *
You barely miss the warg. Your headbutt misses the warg.
The warg is almost dead.
The warg bites you but does no damage. You block the warg's attack.
The warg bites you.
* * * LOW HITPOINT WARNING * * *
You feel better. The warg bites you!
You die...

#?..'..#........>+
#...#..+.........#
##.#####.........#
####.##..#....#+##...
.........#....'..#....
.........#....#..#....
.....<...#....#..#
#+##.#####....#..# ###
......#.@########
.......#.)h......#
.......+.........#
>......###...##..#
#)..# .# #(.....
)####...# ( ...# .(
..#


You could see a warg.

Vanquished Creatures
  9 yaks (D:8)
  2 steam dragons
  2 wargs (D:9)
  Duvessa (D:4)
  3 water moccasins
  3 orc warriors
  A sky beast (D:6)
  A black bear (D:7)
  3 ogres
  2 centaurs
  A kobold brigand (D:8)
  2 necrophages
  2 bullfrogs
  2 scorpions
  Dowan (D:4)
  4 killer bees (D:7)
  2 howler monkeys
  3 orc priests
  A jelly (D:6)
  6 hounds
  5 iguanas
  Jessica (D:2)
  15 orc wizards
  2 adders (D:2)
  2 ufetubi
  2 worms
  2 dart slugs
  29 orcs
  7 bats
  7 endoplasms
  A giant cockroach (D:3)
  8 goblins
  9 hobgoblins
  4 jackals (D:1)
  3 quokkas
  6 ball pythons
  A frilled lizard (D:3)
  10 kobolds
  6 rats
171 creatures vanquished.

Vanquished Creatures (others)
  Erica (D:8)
  An orc (D:7)
2 creatures vanquished.

Grand Total: 173 creatures vanquished

Notes
Turn   | Place    | Note
-------+----------+-------------------------------------------
     0 | D:1      | retardedninja the Gnoll Fighter began the quest for the
                  | Orb.
     0 | D:1      | Reached XP level 1. HP: 23/23 MP: 1/1
   155 | D:1      | Reached XP level 2. HP: 22/29 MP: 2/2
   551 | D:1      | Reached XP level 3. HP: 31/35 MP: 3/3
   888 | D:2      | Noticed Jessica
   896 | D:2      | Killed Jessica
   897 | D:2      | Reached skill level 1 in Short Blades
   897 | D:2      | Reached skill level 1 in Long Blades
   897 | D:2      | Reached skill level 1 in Axes
   897 | D:2      | Reached skill level 1 in Polearms
   897 | D:2      | Reached skill level 1 in Staves
   897 | D:2      | Reached skill level 1 in Ranged Weapons
   897 | D:2      | Reached skill level 1 in Throwing
   897 | D:2      | Reached skill level 1 in Dodging
   897 | D:2      | Reached skill level 1 in Stealth
   897 | D:2      | Reached skill level 1 in Unarmed Combat
   897 | D:2      | Reached skill level 1 in Spellcasting
   897 | D:2      | Reached skill level 1 in Invocations
   897 | D:2      | Reached skill level 1 in Evocations
   911 | D:2      | Reached XP level 4. HP: 37/41 MP: 5/5
  1128 | D:2      | Reached skill level 1 in Conjurations
  1128 | D:2      | Reached skill level 1 in Hexes
  1128 | D:2      | Reached skill level 1 in Summonings
  1128 | D:2      | Reached skill level 1 in Necromancy
  1128 | D:2      | Reached skill level 1 in Translocations
  1128 | D:2      | Reached skill level 1 in Transmutations
  1128 | D:2      | Reached skill level 1 in Fire Magic
  1128 | D:2      | Reached skill level 1 in Ice Magic
  1128 | D:2      | Reached skill level 1 in Air Magic
  1128 | D:2      | Reached skill level 1 in Earth Magic
  1128 | D:2      | Reached skill level 1 in Poison Magic
  1601 | D:3      | Found a faded altar of an unknown god.
  1972 | D:3      | Reached XP level 5. HP: 47/47 MP: 7/7
  2320 | D:4      | Noticed Duvessa
  2321 | D:4      | Noticed an ogre
  2321 | D:4      | Noticed Dowan
  2471 | D:3      | Killed an ogre
  2482 | D:4      | Killed Duvessa
  2483 | D:4      | Reached skill level 5 in Maces & Flails
  2483 | D:4      | Reached XP level 6. HP: 47/53 MP: 7/9
  2490 | D:4      | Killed Dowan
  2565 | D:4      | Found an ancient bone altar of Kikubaaqudgha.
  2649 | D:4      | Found a snail-covered altar of Cheibriados.
  3051 | D:5      | Entered Level 5 of the Dungeon
  3051 | D:5      | Found a transporter.
  3149 | D:5      | Found a transporter.
  3150 | D:5      | Noticed a yak
  3152 | D:5      | Noticed a vampire
  3153 | D:5      | Found a glowing golden altar of the Shining One.
  3191 | D:5      | Found Ineocseg's General Store.
  3351 | D:5      | Reached XP level 7. HP: 60/60 MP: 10/10
  4382 | D:6      | Found a staircase to the Ecumenical Temple.
  4462 | Temple   | Entered the Ecumenical Temple
  4698 | D:5      | Reached XP level 8. HP: 35/67 MP: 12/12
  5123 | D:6      | Found Osmeb's Assorted Antiques.
  6751 | D:6      | Found a shimmering blue altar of Sif Muna.
  7836 | D:7      | Reached XP level 9. HP: 40/73 MP: 14/14
  9619 | D:8      | Reached skill level 5 in Invocations
 10046 | D:8      | Noticed Erica
 10071 | D:8      | HP: 3/74 [poisoned by a kobold brigand]
 10073 | D:8      | Killed Erica
 10074 | D:8      | Reached skill level 5 in Conjurations
 10601 | D:8      | Reached skill level 5 in Short Blades
 10601 | D:8      | Reached skill level 5 in Long Blades
 10601 | D:8      | Reached skill level 5 in Axes
 10601 | D:8      | Reached skill level 5 in Polearms
 10601 | D:8      | Reached skill level 5 in Staves
 10601 | D:8      | Reached skill level 5 in Ranged Weapons
 10601 | D:8      | Reached skill level 5 in Throwing
 10601 | D:8      | Reached skill level 5 in Dodging
 10601 | D:8      | Reached skill level 5 in Stealth
 10601 | D:8      | Reached skill level 5 in Unarmed Combat
 10601 | D:8      | Reached skill level 5 in Spellcasting
 10601 | D:8      | Reached skill level 5 in Evocations
 10601 | D:8      | Reached XP level 10. HP: 64/81 MP: 17/17
 10622 | D:8      | Gained mutation: You have supernaturally acute eyesight.
                  | (SInv) [potion of mutation]
 10622 | D:8      | Gained mutation: You expend magic power (3 MP) to
                  | strengthen your wands. [potion of mutation]
 10622 | D:8      | Gained mutation: You have a pair of small horns on your
                  | head. [potion of mutation]
 11474 | D:8      | Found a large runed translucent door.
 11474 | D:8      | Found a large runed translucent door.
 11478 | D:8      | Noticed necrobotica's ghost (novice MiBe)
 12025 | D:9      | Found a staircase to the Lair.
 12071 | D:9      | HP: 3/82 [warg (5)]
 12072 | D:9      | Slain by a warg

Illustrated notes

Levels and vault maps discovered:
D:1:      dpeg_arrival_fog, layout_loops_ring, grunt_decor_fettered
D:2:      layout_rooms, uniq_jessica
D:3:      layout_basic, shapermc_ecumenical_altar_mp_highgroup
D:4:      layout_cave_pools, mainiacjoe_overflow_surrounded_room, slow_altar_1,
          uniq_duvessa
D:5:      layout_loops_ring, gammafunk_temple_overflow_arena, serial_shops, shop
D:6:      layout_cave_pods, kennysheep_mini_moat, minmay_temple_entry_arrows,
          serial_shops, nicolae_lakefront_shop, minmay_manual_mail
D:7:      layout_basic
D:8:      layout_basic, ebering_ghost_disaster_area, uniq_erica
D:9:      layout_gridville, mainiacjoe_overflow_boulevard,
          erik_lair_orcish_takeover, zombieorc2_lemuel
Temple:   regret_index_temple_sphere_string

Skill      XL: |  1  2  3  4  5  6  7  8  9 10 |
---------------+-------------------------------+-----
Short Blades   | 1 2 3 5 |  5.6
Long Blades    | 1 2 3 5 |  5.6
Axes           | 1 2 3 5 |  5.6
Polearms       | 1 2 3 5 |  5.6
Staves         | 1 2 3 5 |  5.6
Ranged Weapons | 1 2 3 5 |  5.6
Throwing       | 1 2 3 5 |  5.6
Dodging        | 1 2 3 5 |  5.6
Stealth        | 1 2 3 5 |  5.6
Unarmed Combat | 1 2 3 5 |  5.6
Spellcasting   | 1 2 3 5 |  5.6
Invocations    | 1 2 3 4 5 6 |  6.2
Evocations     | 1 2 3 5 |  5.6
Conjurations   | 1 2 3 5 6 |  6.0
Hexes          | 1 2 3 4 |  4.6
Summonings     | 1 2 3 4 |  4.6
Necromancy     | 1 2 3 4 |  4.6
Translocations | 1 2 3 4 |  4.6
Transmutations | 1 2 3 4 |  4.6
Fire Magic     | 1 2 3 4 |  4.6
Ice Magic      | 1 2 3 4 |  4.6
Air Magic      | 1 2 3 4 |  4.6
Earth Magic    | 1 2 3 4 |  4.6
Poison Magic   | 1 2 3 4 |  4.6
Maces & Flails | 5 6 7 |  7.3
Fighting       | 7 8 |  8.7
Armour         | 7 8 |  8.7
Shields        | 7 8 |  8.7

Action                     |  1- 3 |  4- 6 |  7- 9 | 10-12 || total
---------------------------+-------+-------+-------+-------++-------
  Melee: Flail             |    77 |   161 |   364 |   116 ||   718
         Bite              |     6 |    16 |    29 |    19 ||    70
         Headbutt          |       |       |       |    33 ||    33
  Throw: Javelin           |    10 |    17 |     9 |     2 ||    38
         Dart              |       |       |     4 |     4 ||     8
  Evoke: Wand              |       |       |    25 |     3 ||    28
    Use: Potion            |       |     2 |     9 |     3 ||    14
         Scroll            |       |     2 |    16 |     4 ||    22
   Stab: Invisible         |       |       |     4 |       ||     4
 Armour: Scale mail        |    53 |    75 |       |       ||   128
         Chain mail        |       |       |   379 |    89 ||   468
         Skin              |       |       |     8 |       ||     8
  Dodge: Dodged            |    49 |    73 |   154 |    56 ||   332
  Block: Buckler           |    30 |    47 |   146 |    40 ||   263

Table legend: (Time is in decaauts)
 A = Elapsed time spent in this place.
 B = Non-inter-level travel time spent in this place.
 C = Inter-level travel time spent in this place.
 D = Time resting spent in this place.
 E = Time spent auto-exploring this place.
 F = Levels seen in this place.
 G = Mean time per level.
                   A        B        C        D        E       F      G
               +--------+--------+--------+--------+--------+-----+--------+
         Total |  12193 |  11838 |    355 |   4748 |   5344 |  10 | 1219.3 |
       Dungeon |  12035 |  11704 |    331 |   4748 |   5224 |   9 | 1337.2 |
        Temple |    157 |    133 |     24 |      0 |    120 |   1 |  157.0 |
               +--------+--------+--------+--------+--------+-----+--------+

Top non-repeatable levels by time:
     D:7: 3535 daAuts
     D:6: 1899 daAuts
     D:5: 1740 daAuts
     D:8: 1596 daAuts
     D:3: 1128 daAuts
     D:1: 854 daAuts
     D:4: 600 daAuts
     D:2: 525 daAuts
  Temple: 157 daAuts
     D:9: 154 daAuts
